cohdb
Replays
Latest Replays
All Replays
Popular Replays
Top Player Replays
Match Explorer
How It Works
Community
CoH3 Stats
Reddit
Sign in to upload your games and track your stats! →
Sign in with Steam
Match 47146185
Unlisted
Match 47146185
Overview
Messages
Build Orders
End
Scout Squad
Construct Barracks
Riflemen Squad
Selects Advanced Infantry Battlegroup
1⁄4-ton 4x4 Truck
Riflemen Squad
Air Support Center
Engineer Squad
Construct Weapon Support Center
Grenade Package
Selects Artillery Observers
Riflemen Squad
P-47 Dive Bomb
Construct Tank Depot
Bazooka Squad
Grasshopper Recon Run
P-47 Strafing Run
M4A1 Sherman Medium Tank
Selects M2A1 105mm Howitzer Emplacement
Selects 155mm Rapid Artillery Barrage
Engineer Squad
Air Supply
Grasshopper Recon Run
Double Sortie
Bazooka Squad
P-47 Strafing Run
Improved M9 Bazooka Rockets
M4A1 Sherman Medium Tank
P-47 Strafing Run
P-47 Dive Bomb
Grasshopper Recon Run
Selects Convert to Ranger Squad
Selects Designate Assault Position
Selects Ranger Weapon Training
Grasshopper Recon Run
P-47 Strafing Run
M4A1 Sherman Medium Tank
M1919 Machine Gun Team
M1918 Browning Automatic Rifles
Riflemen Squad
P-47 Strafing Run
P-47 Dive Bomb
Grasshopper Recon Run
M4A1 Sherman Medium Tank
P-47 Dive Bomb
Bazooka Squad
Grasshopper Recon Run
Engineer Squad
P-47 Dive Bomb
Bazooka Squad
155mm Rapid Artillery Barrage
M4A1 Sherman Medium Tank
P-47 Strafing Run
Septimum
Seocheon
CPU - Very Easy
乱杀大王
0
0
Comments
sign in to comment!
No comments posted yet!